 Dungeon Crawl Stone Soup version 0.22.1-6-g1668fe2 (webtiles) character file.

71541 dvd the Blocker (level 15, -2/84 HPs)
             Began as a Vine Stalker Berserker on Jan 27, 2019.
             Was a High Priest of Trog.
             Killed by divine providence
             ... invoked by an orc high priest
              (12 damage)
             ... on level 2 of the Orcish Mines.
             The game lasted 01:01:01 (16427 turns).

dvd the Blocker (Vine Stalker Berserker)           Turns: 16427, Time: 01:01:02

Health: -2/84      AC: 20    Str: 27    XL:     15   Next: 37%
Magic:  0/26       EV: 11    Int:  6    God:    Trog [*****.]
Gold:   1947       SH: 31    Dex: 17    Spells: 14/14 levels left

rFire    + . .     SeeInvis +   w - +4 hand axe (distort)
rCold    + . .     Gourm    +   T - +10 large shield of Ignorance {rN+ Int-4}
rNeg     + + .     Faith    .   Q - +2 scale mail {rC+}
rPois    .         Spirit   +   E - +3 hat of Pondering {ponderous, MR+ MP+10 Int+5}
rElec    .         Reflect  .   q - +0 cloak
rCorr    +         Harm     .   J - +1 pair of gloves of Gyzoory {rF+ rN+ Regen+ SInv}
MR       ++++.     Rnd*Rage +   G - +2 pair of boots Stlth +.........Rnd*Tele +
                                h - amulet of Upoext {Gourm Slay+3}
HPRegen  2.44/turn              m - +4 ring of strength
MPRegen  0.20/turn              r - ring of resist corrosion

@: lethally poisoned (-2 -> -2), very slightly contaminated, regenerating, slow
A: fangs 3, horns 1, berserk 1, dopey 1, regeneration 2, robust 1, teleportitis
1, magic shield, antimagic bite, no potion heal 3, rot immunity
a: Berserk, Trog's Hand, Brothers in Arms, Renounce Religion


You were on level 2 of the Orcish Mines.
You worshipped Trog.
Trog was extremely pleased with you.
You were completely stuffed.

You visited 3 branches of the dungeon, and saw 19 of its levels.
You also visited: Bailey.

You collected 1947 gold pieces.

Inventory:

Hand Weapons
 a - a +9 flail of protection
 b - a +6 hand crossbow of velocity
 w - a +4 hand axe of distortion (weapon)
 M - the +5 mace of the Boar {crush, Str+5 Int+3 Dex-3}
   (You found it on level 10 of the Dungeon)

   It inflicts extra damage upon your enemies.
   It affects your strength (+5).
   It affects your intelligence (+3).
   It affects your dexterity (-3).
 N - the +1 falchion of the Skies Above {protect, rPois SInv}
   (You found it on level 10 of the Dungeon)

   It protects the one who uses it against injury (+AC on strike).
   It protects you from poison.
   It lets you see invisible.
Missiles
 i - 15 tomahawks
 K - 182 bolts
 V - 5 javelins of penetration (quivered)
Armour
 q - a +0 cloak (worn)
 E - the +3 hat of Pondering (worn) {ponderous, MR+ MP+10 Int+5}
   (You took it off Gastronok on level 3 of the Lair of Beasts)

   It affects your intelligence (+5).
   It affects your resistance to hostile enchantments.
   It affects your magic capacity (+10).
 G - a +2 pair of boots (worn)
 H - the +3 ring mail "Poaliz" {rF+ rN++}
   (You found it on level 6 of the Lair of Beasts)

   It protects you from fire.
   It greatly protects you from negative energy.
 I - the +2 pair of gloves of the Spider Nest {Str+4 Stlth+}
   (You found it in a bailey)

   It affects your strength (+4).
   It makes you more stealthy.
 J - the +1 pair of gloves of Gyzoory (worn) {rF+ rN+ Regen+ SInv}
   (You acquired it in a bailey)

   It protects you from fire.
   It protects you from negative energy.
   It lets you see invisible.
   It increases your rate of regeneration.
 L - the +3 leather armour "Xeibeos" {*Corrode rPois Str+3 Int+3}
   (You found it on level 10 of the Dungeon)

   It affects your strength (+3).
   It affects your intelligence (+3).
   It protects you from poison.
   It may corrode you when you take damage.
 P - +0 ice dragon scales
 Q - a +2 scale mail of cold resistance (worn)
 T - the +10 large shield of Ignorance (worn) {rN+ Int-4}
   (You found it on level 5 of the Lair of Beasts)

   It affects your intelligence (-4).
   It protects you from negative energy.
Jewellery
 g - an uncursed amulet of the acrobat
 h - the amulet of Upoext (around neck) {Gourm Slay+3}
   (You acquired it on level 6 of the Lair of Beasts)

   [amulet of the gourmand]

   It allows you to eat raw meat even when not hungry.
   It affects your accuracy and damage with ranged weapons and melee attacks
   (+3).
 m - a +4 ring of strength (left hand)
 o - an uncursed amulet of magic regeneration
 r - a ring of resist corrosion (right hand)
 C - a +4 amulet of reflection
 S - an uncursed ring of see invisible {unknown}
Wands
 f - a wand of enslavement (15)
 y - a wand of scattershot (8)
 z - a wand of polymorph (38)
 B - a wand of iceblast (11)
 O - a wand of digging (22)
Scrolls
 d - 6 scrolls of teleportation
 e - 11 scrolls of identify
 p - a scroll of fear
 t - a scroll of blinking
 u - 3 scrolls of enchant armour
 v - a scroll of fog
 R - a scroll of summoning
Potions
 j - 5 potions of brilliance
 k - a potion of flight
 l - 11 potions of curing
 n - 3 potions of berserk rage
 s - 4 potions of ambrosia
 x - 5 potions of haste
 A - 4 potions of agility
 D - 2 potions of resistance
 F - a potion of mutation
Comestibles
 c - 34 rations
 U - 19 chunks of flesh


   Skills:
 + Level 7.9 Fighting
 + Level 6.3(9.7) Axes
 + Level 11.3(12.0) Maces & Flails
 * Level 8.7 Crossbows
 + Level 1.9 Throwing
 + Level 8.4 Armour
 + Level 5.0 Dodging
 + Level 1.4 Stealth
 + Level 14.2 Shields


You had 14 spell levels left.
You didn't know any spells.
Your spell library was empty.

Dungeon Overview and Level Annotations

Branches:
Dungeon (11/15)            Temple (0/1) D:6            Lair (6/6) D:10
 Shoals (0/4) Lair:3       Spider (0/4) Lair:4        Slime (0/5) Lair:6
    Orc (2/2) D:11            Elf (0/3) Orc:2

Altars:
Dithmenos
Elyvilon
Fedhas
Makhleb
Okawaru
Ru
Uskayaw
Zin
Jiyva

Shops:
D:11 ([   Orc:2 (

Annotations:
Orc:2 Donald
Abyss:1 Rupert


Innate Abilities, Weirdness & Mutations

You have razor-sharp teeth.
You heal very quickly.
When hurt, damage is shared between your health and your magic reserves.
Your bite disrupts and absorbs the magic of your enemies.
Potions cannot restore your health.
You are immune to rotting.
You have a pair of small horns on your head.
You tend to lose your temper in combat.
You are dopey. (Int -2)
You are robust. (+10% HP)
You are occasionally teleported next to monsters.


Message History

Unknown command.
You feel sick.
The orc no longer looks unusually strong.
The orc high priest mumbles some strange prayers to Beogh against you.
Beogh smites you!
* * * LOW HITPOINT WARNING * * *
Donald says, "Hey, I thought wands weren't allowed!"
An orc wizard comes into view. It is wielding a dagger of venom.
You feel sick. You block the ufetubus's attack. x2
You feel sick.
Donald says, "You troglodyte!"
The ynoxinul gestures.
The ufetubus hits you but does no damage.
You block the ufetubus's attack.
You feel sick. You block the ufetubus's attack. x2
The orc warlord roars a battlecry!
The orcs go into a battle-frenzy!
The orc high priest calls down the wrath of Beogh upon you.
Beogh smites you!
You die...

##.. .......∩......
##. ......o......# ##
.............#
..........P.#
........o...
###...o.....###
##.....3.5.5##.##
##..5)..3oh.555@.#
#..3(.545@..O.5.#....#
##(.))..#..o........##
#.....o.#..........##
#....#.#.o.#.#.##.##
#....#....5....## ##
##.## #.#...#.# ##
#########


You could see an orc warlord, Donald, a soul eater, an orc high priest, a
ynoxinul, a warg, an orc warrior, an ogre, an orc and 8 ufetubi.

Vanquished Creatures
  Gastronok (Lair:3)
  An ettin (Orc:2)
  Snorg (D:10)
  Josephine (Orc:2)
  Fannar (D:10)
  4 hydras (Lair:6)
  A death knight (D:10)
  3 two-headed ogres (D:10)
  Erica (Orc:1)
  3 death yaks (Lair:6)
  Sonja (D:10)
  2 skeletal warriors (D:10)
  4 unseen horrors
  2 orc knights
  Pikel (D:4)
  4 orc sorcerers (Orc:2)
  An ugly thing (D:11)
  An oklob plant (Lair:4)
  A manticore (Lair:3)
  3 torpor snails
  16 elephants
  2 black mambas
  27 spiny frogs
  6 komodo dragons
  A freezing wraith (D:10)
  A rime drake (Lair:6)
  6 trolls
  A jumping spider (Lair:4)
  3 tyrant leeches (Lair:6)
  2 polar bears
  18 blink frogs
  3 dream sheep (Lair:4)
  4 slime creatures (D:11)
  8 hippogriffs
  A redback (Lair:4)
  Sigmund (D:4)
  A spriggan (D:8)
  3 wyverns
  34 yaks
  Eustachio (D:4)
  5 wraiths
  6 vampire mosquitoes (Lair:6)
  A steam dragon (D:9)
  A basilisk (D:10)
  4 hungry ghosts
  Edmund (D:5)
  A warg (Orc:2)
  12 water moccasins
  Duvessa (D:4)
  5 porcupines
  21 orc warriors
  A swamp drake (Bailey)
  5 phantoms
  2 sky beasts
  5 ice beasts
  5 ogres
  11 wolves
  4 centaurs
  12 crocodiles
  Blork the orc (D:4)
  The ghost of poxu the Magician, an amateur DEWz (D:3)
  27 bullfrogs
  Dowan (D:4)
  A scorpion (D:7)
  10 killer bees
  2 howler monkeys
  3 centaur zombies
  7 electric eels
  8 crimson imps
  A bullfrog zombie (D:6)
  4 quasits
  9 orc priests
  5 hounds
  3 jellies (Lair:6)
  A gnoll shaman (D:7)
  A centaur skeleton (D:8)
  2 bullfrog skeletons
  2 iguanas
  12 orc wizards
  14 worker ants
  5 hound skeletons
  A howler monkey zombie (D:5)
  Robin (D:4)
  15 adders
  13 gnolls
  5 shadow imps
  5 oozes
  An adder skeleton (D:8)
  2 worms
  3 dart slugs
  5 leopard geckos
  67 orcs
  6 giant cockroaches
  19 goblins
  17 hobgoblins
  20 jackals
  3 kobolds
  10 quokkas
  2 ball pythons
  8 bats
  4 frilled lizards
  3 leopard gecko skeletons
  A leopard gecko zombie (D:5)
  A quokka skeleton (D:5)
  7 rats
618 creatures vanquished.

Vanquished Creatures (collateral kills)
  An ettin (D:10)
  An orc knight (Bailey)
  An orc sorcerer (Bailey)
  Joseph (D:8)
  A kobold demonologist (Bailey)
  An orc warrior (Bailey)
  A goblin (Bailey)
  A hobgoblin (Bailey)
8 creatures vanquished.

Vanquished Creatures (others)
  An ettin (Orc:2)
  A two-headed ogre (Orc:2)
  An unseen horror (D:10)
  An orc knight (Orc:2)
  2 orc sorcerers (Orc:2)
  2 slime creatures (D:11)
  A wraith (Orc:2)
  A sky beast (D:5)
  An orc warrior (Orc:2)
  2 wolves (Lair:6)
  An orc priest (D:5)
  An orc wizard (D:5)
  3 orcs
  39 fungi
  35 plants
92 creatures vanquished.

Grand Total: 718 creatures vanquished

Notes
Turn   | Place    | Note
-------+----------+-------------------------------------------
     0 | D:1      | dvd the Vine Stalker Berserker began the quest for the Orb.
     0 | D:1      | Reached XP level 1. HP: 11/11 MP: 2/2
   196 | D:1      | Reached XP level 2. HP: 16/16 MP: 3/3
   650 | D:2      | Reached XP level 3. HP: 20/20 MP: 4/4
   695 | D:2      | Reached ** piety under Trog
   695 | D:2      | Reached skill level 1 in Shields
   927 | D:2      | Gained mutation: Your natural rate of healing is unusually
                  | fast. [Vine Stalker growth]
   927 | D:2      | Reached XP level 4. HP: 8/24 MP: 3/5
  1269 | D:3      | You fall through a shaft!
  1316 | D:4      | Reached skill level 2 in Shields
  1316 | D:4      | Reached XP level 5. HP: 23/28 MP: 4/6
  1359 | D:4      | Noticed Sigmund
  1384 | D:4      | Killed Sigmund
  1384 | D:4      | Reached skill level 3 in Shields
  1384 | D:4      | Reached XP level 6. HP: 23/32 MP: 4/7
  1430 | D:4      | Noticed Robin
  1457 | D:4      | Killed Robin
  1457 | D:4      | Reached *** piety under Trog
  1532 | D:4      | Found a hide-covered altar of Uskayaw.
  1574 | D:4      | Noticed Duvessa
  1594 | D:4      | Killed Duvessa
  1594 | D:4      | Reached XP level 7. HP: 36/36 MP: 8/8
  1601 | D:4      | Noticed Dowan
  1617 | D:4      | Killed Dowan
  1617 | D:4      | Reached skill level 4 in Shields
  1671 | D:4      | Found a shadowy altar of Dithmenos.
  1731 | D:4      | Noticed Eustachio
  1732 | D:4      | Noticed Blork the orc
  1741 | D:4      | Killed Blork the orc
  1746 | D:4      | Killed Eustachio
  1746 | D:4      | Reached skill level 5 in Axes
  1746 | D:4      | Gained mutation: You have razor-sharp teeth. [Vine Stalker
                  | growth]
  1746 | D:4      | Reached XP level 8. HP: 35/42 MP: 9/9
  2365 | D:3      | Found a transporter.
  2365 | D:3      | Noticed poxu's ghost (amateur DEWz)
  2410 | D:3      | Found a transporter.
  2639 | D:3      | Reached skill level 5 in Shields
  2829 | D:5      | Entered Level 5 of the Dungeon
  2829 | D:5      | Noticed Pikel
  2841 | D:4      | Killed Pikel
  2849 | D:5      | Reached **** piety under Trog
  3314 | D:5      | Reached skill level 6 in Shields
  3314 | D:5      | Reached XP level 9. HP: 45/45 MP: 10/10
  3340 | D:5      | Noticed Edmund
  3366 | D:5      | Killed Edmund
  3454 | D:5      | Reached skill level 1 in Throwing
  3532 | D:6      | Found a staircase to the Ecumenical Temple.
  3708 | D:6      | Got a polished long sword
  3713 | D:6      | Identified the +2 long sword of the Doomed Warrior {holy,
                  | Str+9 Int-3 SInv} (You found it on level 6 of the Dungeon)
  3762 | D:6      | Reached skill level 7 in Shields
  3981 | D:7      | Reached skill level 5 in Maces & Flails
  3986 | D:7      | Found a white marble altar of Elyvilon.
  4083 | D:7      | Reached skill level 5 in Armour
  4831 | D:7      | Found a burning altar of Makhleb.
  4831 | D:7      | Found a sacrificial altar of Ru.
  5011 | D:8      | Reached XP level 10. HP: 49/51 MP: 11/11
  5096 | D:8      | Reached skill level 8 in Shields
  5287 | D:8      | Reached ***** piety under Trog
  5311 | D:8      | Noticed Joseph
  5319 | D:8      | Killed Joseph
  5773 | D:9      | Found a glowing silver altar of Zin.
  5773 | D:9      | Noticed an angel
  5822 | D:9      | Reached skill level 1 in Stealth
  5876 | D:9      | Reached skill level 9 in Shields
  6051 | D:9      | Found a flagged portal.
  6061 | Bailey   | Entered a bailey
  6111 | Bailey   | Found an iron altar of Okawaru.
  6111 | Bailey   | Noticed a kobold demonologist
  6111 | Bailey   | Noticed an orc sorcerer
  6111 | Bailey   | Noticed an orc knight
  6123 | Bailey   | Killed an orc sorcerer
  6129 | Bailey   | Killed a kobold demonologist
  6130 | Bailey   | Killed an orc knight
  6130 | Bailey   | Reached XP level 11. HP: 34/54 MP: 10/12
  6364 | Bailey   | Received a gift from Trog
  6433 | Bailey   | Gained mutation: You are dopey. (Int -2) [potion of
                  | mutation]
  6433 | Bailey   | Gained mutation: You have a pair of small horns on your
                  | head. [potion of mutation]
  6433 | Bailey   | Gained mutation: You are robust. (+10% HP) [potion of
                  | mutation]
  6450 | Bailey   | Got a pair of scorched gloves
  6456 | Bailey   | Identified the +2 pair of gloves of the Spider Nest {Str+4
                  | Stlth+} (You found it in a bailey)
  6627 | Bailey   | Got a pair of scorched gloves
  6638 | Bailey   | Identified the +1 pair of gloves of Gyzoory {rF+ rN+ Regen+
                  | SInv} (You acquired it in a bailey)
  6845 | D:9      | Found an iron altar of Okawaru.
  7026 | D:9      | Found a blossoming altar of Fedhas.
  7305 | D:3      | Killed poxu's ghost
  7445 | D:10     | Entered Level 10 of the Dungeon
  7540 | D:10     | Reached skill level 10 in Shields
  7587 | D:10     | Reached skill level 5 in Fighting
  7629 | D:10     | Got an ichor-stained leather armour
  7631 | D:10     | Got an ivory mace
  7632 | D:10     | Identified the +5 mace of the Boar {crush, Str+5 Int+3
                  | Dex-3} (You found it on level 10 of the Dungeon)
  7648 | D:10     | Identified the +3 leather armour "Xeibeos" {*Corrode rPois
                  | Str+3 Int+3} (You found it on level 10 of the Dungeon)
  7651 | D:10     | Identified the Grimoire of Excruciating Creation
  7678 | D:10     | Noticed a two-headed ogre
  7682 | D:10     | Killed a two-headed ogre
  7692 | D:10     | Got a bloodstained falchion
  7693 | D:10     | Identified the cursed +1 falchion of the Skies Above
                  | {protect, rPois SInv} (You found it on level 10 of the
                  | Dungeon)
  7774 | D:10     | Noticed a two-headed ogre
  7783 | D:10     | Killed a two-headed ogre
  7808 | D:10     | Noticed an unseen horror
  7819 | D:10     | Killed an unseen horror
  7831 | D:10     | Noticed an ettin
  7831 | D:10     | Noticed Sonja
  7873 | D:10     | Killed an ettin
  7883 | D:10     | Killed Sonja
  7921 | D:10     | Noticed an orc knight
  7931 | D:10     | Killed an orc knight
  7931 | D:10     | Reached skill level 11 in Shields
  8012 | D:10     | Gained mutation: You heal very quickly. [Vine Stalker
                  | growth]
  8012 | D:10     | Reached XP level 12. HP: 66/66 MP: 13/13
  8091 | D:10     | Noticed a death knight
  8157 | D:10     | Killed a death knight
  8230 | D:10     | Noticed Snorg
  8235 | D:10     | Killed Snorg
  8261 | D:10     | Noticed Fannar
  8278 | D:10     | Killed Fannar
  8294 | D:10     | Found a staircase to the Lair.
  8297 | D:10     | Noticed a two-headed ogre
  8302 | D:10     | Reached skill level 12 in Shields
  8324 | D:10     | Killed a two-headed ogre
  8637 | Lair:1   | Entered Level 1 of the Lair of Beasts
  8900 | Lair:1   | Received a gift from Trog
  9490 | Lair:1   | Reached skill level 1 in Crossbows
  9877 | Lair:2   | Reached XP level 13. HP: 71/71 MP: 14/14
 10688 | Lair:3   | Noticed Gastronok
 10706 | Lair:3   | Killed Gastronok
 10880 | Lair:3   | Found a staircase to the Shoals.
 11582 | Lair:4   | Reached skill level 5 in Crossbows
 11755 | Lair:4   | Found a hole to the Spider Nest.
 11869 | Lair:4   | Reached skill level 13 in Shields
 12338 | Lair:5   | Reached skill level 10 in Maces & Flails
 12422 | Lair:5   | Found the +10 large shield of Ignorance {rN+ Int-4}
 12737 | Lair:5   | Reached XP level 14. HP: 77/77 MP: 15/15
 13115 | Lair:6   | Entered Level 6 of the Lair of Beasts
 13332 | Lair:6   | Received a gift from Trog
 13561 | Lair:6   | Found a staircase to the Slime Pits.
 13816 | Lair:6   | Received a gift from Trog
 14106 | Lair:6   | Got a fine ring mail
 14117 | Lair:6   | Identified the +3 ring mail "Poaliz" {rF+ rN++} (You found
                  | it on level 6 of the Lair of Beasts)
 14471 | Lair:6   | Got a clouded jade amulet
 14473 | Lair:6   | Identified the amulet of Upoext {Gourm Slay+3} (You
                  | acquired it on level 6 of the Lair of Beasts)
 14722 | D:11     | Found a transporter.
 14886 | D:11     | Received a gift from Trog
 15136 | D:11     | Found Axig Zaid's Armour Emporium.
 15138 | D:11     | Found a staircase to the Orcish Mines.
 15144 | D:11     | Found Pufeanie's Weapon Emporium.
 15214 | D:11     | Found a viscous altar of Jiyva.
 15616 | D:11     | Found a transporter.
 15686 | D:11     | Reached skill level 14 in Shields
 15686 | D:11     | Reached XP level 15. HP: 84/84 MP: 16/16
 15736 | Orc:1    | Entered Level 1 of the Orcish Mines
 15799 | Orc:1    | Received a gift from Trog
 15986 | Orc:1    | Noticed Erica
 15994 | Orc:1    | Killed Erica
 16074 | Orc:2    | Entered Level 2 of the Orcish Mines
 16092 | Orc:2    | Noticed Josephine
 16099 | Orc:2    | Killed Josephine
 16119 | Orc:2    | Found a staircase to the Elven Halls.
 16137 | Orc:2    | Gained mutation: You are occasionally teleported next to
                  | monsters. [a neqoxec]
 16137 | Orc:2    | Gained mutation: You tend to lose your temper in combat. [a
                  | neqoxec]
 16149 | Orc:2    | Noticed Rupert
 16151 | Orc:2    | Noticed an orc warlord
 16158 | Orc:2    | Reached skill level 5 in Dodging
 16169 | Orc:2    | Received a gift from Trog
 16194 | Orc:2    | Banished Rupert
 16388 | Orc:2    | Received a gift from Trog
 16402 | Orc:2    | Found Javuntul's Antique Weapon Boutique.
 16404 | Orc:2    | Noticed Donald
 16427 | Orc:2    | Killed from afar by an orc high priest

Skill      XL: |  1  2  3  4  5  6  7  8  9 10 11 12 13 14 15 |
---------------+----------------------------------------------+-----
Axes           | 3 4 5 6 |  6.3
Fighting       | 3 4 5 6 7 |  7.9
Shields        | 1 2 3 4 6 7 9 11 12 13 14 | 14.2
Armour         | 2 3 4 5 6 7 8 |  8.4
Maces & Flails | 3 5 7 8 9 10 11 | 11.3
Throwing       | 1 |  1.9
Dodging        | 2 3 4 5 |  5.0
Stealth        | 1 |  1.4
Crossbows      | 1 6 8 |  8.7

Action                   |  1- 3 |  4- 6 |  7- 9 | 10-12 | 13-15 || total
-------------------------+-------+-------+-------+-------+-------++-------
Melee: Hand axe          |   130 |   127 |    61 |       |   154 ||   472
       Bite              |    43 |    44 |   114 |   235 |   302 ||   738
       Flail             |       |       |   253 |   573 |   533 ||  1359
       Headbutt          |       |       |       |   104 |   216 ||   320
       Mace              |       |       |       |     3 |       ||     3
 Fire: Hand crossbow     |       |       |       |    24 |   241 ||   265
Throw: Tomahawk          |       |       |    21 |     4 |    10 ||    35
       Javelin           |       |       |       |       |     5 ||     5
Invok: Berserk           |       |       |     2 |     2 |     2 ||     6
       Trog's Hand       |       |       |     1 |     4 |     2 ||     7
       Brothers in Arms  |       |       |       |     3 |       ||     3
Evoke: Wand              |       |       |       |     6 |       ||     6
  Use: Scroll            |       |       |    11 |    13 |     9 ||    33
       Potion            |       |       |     6 |     1 |     3 ||    10
 Stab: Distracted        |       |       |       |     1 |       ||     1
  Eat: Chunk             |       |     3 |    13 |    28 |    35 ||    79
       Ration            |       |       |       |     1 |       ||     1
Armor: Plate armour      |    76 |    59 |   163 |    62 |       ||   360
       Ring mail         |     1 |       |       |       |       ||     1
       Scale mail        |       |       |     3 |   129 |   229 ||   361
       Leather armour    |       |       |       |     3 |       ||     3
Dodge: Dodged            |    10 |     9 |    31 |   108 |   158 ||   316
Block: Large shield      |    77 |    83 |   295 |   572 |   946 ||  1973
